 Dungeon Crawl Stone Soup version 0.22-a0-358-g7563fe7 (webtiles) character file.

14 Amnesiac the Grave Robber (level 2, -2/20 HPs)
             Began as a Mummy Necromancer on Apr 18, 2018.
             Shot with a stone by a goblin (4 damage)
             ... on level 3 of the Dungeon.
             The game lasted 00:00:41 (314 turns).

Amnesiac the Grave Robber (Mummy Necromancer)        Turns: 314, Time: 00:00:42

Health: -2/20      AC:  2    Str: 11    XL:     2   Next: 27%
Magic:  0/5        EV: 12    Int: 14    God:
Gold:   19         SH:  0    Dex: 12    Spells: 5/6 levels left

rFire    x . .     SeeInvis .   (no weapon)
rCold    + . .     Gourm    .   (no shield)
rNeg     + + +     Faith    .   a - +0 robe
rPois    ∞         Spirit   .   (no helmet)
rElec    .         Reflect  .   (no cloak)
rCorr    .         Harm     .   (no gloves)
MR       .....                  (no boots)
Stlth    ++........             (no amulet)
HPRegen  0.06/turn              (no ring)
MPRegen  0.09/turn              (no ring)

@: no status effects
A: no food or potions, fire vulnerability, cold resistance 1, negative energy
resistance 3, torment resistance, unbreathing
a: no special abilities


You were on level 3 of the Dungeon.
You were not hungry.

You visited 1 branch of the dungeon, and saw 3 of its levels.

You collected 19 gold pieces.

Inventory:

Missiles
 d - a stone (quivered)
Armour
 a - a +0 robe (worn)


   Skills:
 + Level 0.4 Fighting
 * Level 1.9 Dodging
 - Level 1.5 Stealth
 + Level 2.9 Spellcasting
 * Level 4.2 Necromancy


You had 5 spell levels left.
You knew the following spells:

 Your Spells              Type           Power        Failure   Level  Hunger
a - Pain                  Necr           ##..         3%          1    N/A

Dungeon Overview and Level Annotations

Branches:
Dungeon (3/15)

Altars:

Annotations:
D:2 Terence


Innate Abilities, Weirdness & Mutations

You do not eat or drink.
Your flesh is vulnerable to fire.
You are immune to poison.
Your flesh is cold resistant. (rC+)
You are immune to negative energy. (rN+++)
You are immune to unholy pain and torment.
You can survive without breathing.


Message History

The adder closely misses you.
Casting: Pain (safe; 4% risk of failure)
Confirm with . or Enter, or press ? or * to list all spells.
Aiming: Pain (safe; 4% risk of failure)
Press: ? - help, Shift-Dir - straight line, f/p - adder
Aim: an adder (lightly wounded, chance to defeat MR: 77%)
The adder writhes in agony!
The adder closely misses you.
Terence shouts, "Get ready for death!"
Terence asks, "Do you want it fast or slow?"
The adder misses you.
There is a stone staircase leading down here.
The adder bites you.
* * * LOW HITPOINT WARNING * * *
You climb downwards.
A goblin comes into view. It is wielding a dagger.
Found 8 gold pieces.
There is a stone staircase leading up here.
Casting: Pain (safe; 4% risk of failure)
Confirm with . or Enter, or press ? or * to list all spells.
Aiming: Pain (safe; 4% risk of failure)
Press: ? - help, Shift-Dir - straight line, f - adder
Aim: an adder (heavily wounded, chance to defeat MR: 77%)
The adder writhes in agony!
The adder closely misses you.
Unknown command.
Casting: Pain (safe; 4% risk of failure)
Confirm with . or Enter, or press ? or * to list all spells.
Aiming: Pain (safe; 4% risk of failure)
Press: ? - help, Shift-Dir - straight line, f/p - adder
Aim: an adder (severely wounded, chance to defeat MR: 77%)
The adder writhes in agony!
You kill the adder!
You have reached level 2!
The goblin shouts!
The goblin unwields an uncursed dagger.
The goblin wields a hunting sling.
The goblin shoots a stone.
The stone barely misses you.
Things that are here:
a stone; 8 gold pieces
d - a stone You now have 19 gold pieces (gained 8).
Really read
b - a scroll labeled NAVOUXZERI {!r}?
As you read the scroll labeled NAVOUXZERI {!r}, it crumbles to dust.
You feel blessed for a moment.
It was a scroll of remove curse {!r}.
The goblin shoots a stone.
The stone hits you.
* * * LOW HITPOINT WARNING * * *
Really read
c - a scroll labeled TATETS AKKOX {!r}?
As you read the scroll labeled TATETS AKKOX {!r}, it crumbles to dust.
It is a scroll of amnesia.
Okay, then.
The goblin shoots a stone.
The stone closely misses you.
Unknown command.
The goblin shoots a stone.
The stone closely misses you.
You see here a stone.
Casting: Pain (safe; 3% risk of failure)
Confirm with . or Enter, or press ? or * to list all spells.
You can't see any susceptible monsters within range! (Use Z to cast anyway.)
The goblin shoots a stone.
The stone closely misses you.
You see here a stone.
Casting: Pain (safe; 3% risk of failure)
Confirm with . or Enter, or press ? or * to list all spells.
Aiming: Pain (safe; 3% risk of failure)
Press: ? - help, Shift-Dir - straight line, f - goblin
Aim: a goblin, wielding a hunting sling (chance to defeat MR: 83%)
The goblin writhes in agony!
The goblin shoots a stone.
The stone hits you.
You die...

#####
#.<(#
#..(#
#..@#
#...#
#....
#....#
#.....
#g..##.
##### #


You could see a goblin.

Vanquished Creatures
  An adder (D:3)
  A giant cockroach (D:1)
  2 hobgoblins (D:1)
  A bat (D:1)
5 creatures vanquished.

Notes
Turn   | Place    | Note
-------+----------+-------------------------------------------
     0 | D:1      | Amnesiac the Mummy Necromancer began the quest for the Orb.
     0 | D:1      | Reached XP level 1. HP: 13/13 MP: 4/4
   289 | D:2      | Noticed Terence
   307 | D:3      | Reached XP level 2. HP: 3/20 MP: 0/5
   314 | D:3      | Shot with a stone by a goblin

Vault maps used:
D:1:      lemuel_arrival_behind_the_door_small, minmay_misc_feat_alley
D:2:      serial_curves, eino_curves_01, eino_curves_02, eino_curves_03,
          eino_curves_01, hangedman_abyss_or_decor_lesser_grid, uniq_terence,
          uniq_jessica, uniq_crazy_yiuf_cottage
D:3:      zin_scriptorium, okawaru_gym_becter

Action                   || total
-------------------------++-------
Melee: Unarmed           ||     8
 Cast: Pain              ||    11
  Use: Scroll            ||     2
Armor: Robe              ||     1
Dodge: Dodged            ||    14

Table legend:
 A = Spawn XP
 B = Non-spawn XP
 C = Spawn XP percentage of total XP
 D = Spawn monster count
 E = Non-spawn monster count
 F = Spawn count percentage of total count
 G = Total turns spent on level
                    A         B        C        D         E        F      G
               +---------+---------+-------+---------+---------+-------+---------
         Total |       0 |      20 |   0.0 |       0 |       5 |   0.0 |   314
               +---------+---------+-------+---------+---------+-------+---------
           D:1 |       0 |       7 |   0.0 |       0 |       4 |   0.0 |   289
           D:3 |       0 |      13 |   0.0 |       0 |       1 |   0.0 |     9
               +---------+---------+-------+---------+---------+-------+---------
